Map: Pouso dos Defensores LE

Players

IIIIIIIIIIII

  • Race: Terran Terran
  • League: Grandmaster
  • Spawn Location: 1:00

TheZergLord - Winner!

  • Race: Zerg Zerg
  • League: Grandmaster
  • Spawn Location: 7:00

VOD

Have the link to the VOD?

Description

Time

  • Played on: June 14, 2017, 1:03 p.m.
  • Length: 9:34
Show
View Real Time Build Order
Export as new Build Order

IIIIIIIIIIII Terran 

Build Orders: MMM Bio 

Get SALT Encoding   

  12  0:01  SCV  
  13  0:13  SCV  
  14  0:18  Supply Depot  
  14  0:25  SCV  
  15  0:29  Refinery  
  15  0:39  SCV  
  16  0:48  Barracks  
  16  0:52  SCV  
  17  1:04  SCV  
  18  1:16  SCV  
  19  1:28  SCV  
  20  1:36  Reaper  
  21  1:40  Orbital Command  
  21  1:47  Command Center  
  21  1:58  Factory  
  21  2:06  SCV  
  22  2:10  Barracks Reactor  
  22  2:14  Supply Depot  
  22  2:18  SCV  
  22  2:20  Refinery  
  23  2:35  SCV  
  24  2:45  Starport  
  24  2:47  Marine x2  
  24  2:48  SCV  
  27  2:53  Widow Mine  
  29  3:00  SCV  
  29  3:03  Orbital Command  
  29  3:05  Marine x2  
  32  3:12  SCV  
  33  3:21  Medivac  
  33  3:24  SCV  
  38  3:30  SCV  
  37  3:36  SCV  
  37  3:38  Supply Depot, Hellion x2, Marine  
  43  3:43  SCV  
  43  3:48  SCV  
  45  3:55  SCV  
  45  3:56  Marine  
  45  4:00  SCV  
  46  4:02  Liberator  
  46  4:07  SCV  
  45  4:12  SCV  
  45  4:14  Marine  
  46  4:18  Hellion x2  
  46  4:19  SCV  
  46  4:23  Armory  
  54  4:32  Supply Depot x2  
  54  4:37  Supply Depot  
  54  4:41  Supply Depot  
  54  4:53  Marine, SCV x2  
  54  4:54  Hellion  
  54  4:57  Supply Depot  
  54  4:59  Supply Depot  
  57  5:05  SCV x2  
  59  5:07  Hellion  
  59  5:11  Barracks Tech Lab  
  59  5:12  Starport Tech Lab  
  61  5:15  Hellion  
  61  5:18  SCV  
  61  5:20  SCV  
  65  5:28  Hellion  
  65  5:30  SCV  
  65  5:32  SCV  
  69  5:36  Hellion  
  68  5:43  Marine  
  68  5:45  Command Center, SCV  
  71  5:50  SCV, Hellbat  
  71  5:55  Stimpack  
  70  6:01  Marine  
  70  6:03  Barracks  
  69  6:04  Engineering Bay  
  69  6:05  Barracks, Engineering Bay  
  69  6:07  Starport Reactor, Hellbat  
  71  6:16  SCV x2  
  67  6:21  Hellbat  
  63  6:28  SCV x2  
  64  6:39  Marine  
  58  6:40  SCV x2  
  59  6:50  Barracks  
  59  6:51  Combat Shields  
  59  6:52  Barracks, SCV  
  59  6:54  Barracks Reactor  
  60  6:56  Factory Reactor  
  60  6:57  SCV  
  61  7:01  Orbital Command  
  61  7:05  Medivac x2  
  67  7:08  Marauder  
  67  7:12  Terran Infantry Weapons Level 1  
  67  7:13  SCV  
  67  7:14  SCV  
  69  7:20  Engineering Bay  
  71  7:23  Marauder  
  71  7:28  SCV x2  
  74  7:34  Widow Mine x2  
  78  7:39  Orbital Command  
  78  7:40  Barracks Reactor, Marine x2, SCV x2  
  78  7:41  Marine x2  
  78  7:42  Medivac  
  78  7:44  Medivac  
  87  7:52  SCV x2  
  87  7:55  Marine  
  87  7:58  Marine x2  
  92  7:59  Marine  
  92  8:02  Concussive Shells  
  92  8:03  Supply Depot  
  92  8:05  Supply Depot, Widow Mine x2  
  94  8:09  SCV  
  94  8:10  SCV x2  
  100  8:17  Refinery  
  100  8:20  Supply Depot, Refinery  
  100  8:21  Supply Depot  
  100  8:22  SCV x3  
  100  8:25  Marauder  
  105  8:27  Marine  
  105  8:32  Marauder  
  105  8:34  Marine x2, SCV  
  111  8:47  Marauder  
  113  8:51  Marine x3  
  113  8:54  Marauder, Marine  
  82  9:11  SCV x3  
Show
View Real Time Build Order
Export as new Build Order

TheZergLord Zerg - Winner!

Build Orders: Hatch First 

Get SALT Encoding   

  12  0:01  Drone  
  13  0:13  Overlord  
  13  0:18  Drone  
  14  0:31  Drone x2  
  14  0:35  Drone  
  17  0:53  Hatchery  
  17  0:57  Drone  
  17  1:00  Drone  
  18  1:10  Extractor  
  17  1:15  Spawning Pool  
  17  1:18  Drone  
  17  1:22  Drone  
  18  1:29  Drone  
  19  1:40  Overlord  
  19  2:01  Queen  
  19  2:02  Zergling x4  
  19  2:05  Queen  
  19  2:06  Zergling x2  
  26  2:11  Metabolic Boost  
  26  2:17  Drone  
  26  2:18  Drone  
  28  2:24  Drone  
  29  2:35  Drone x2  
  31  2:42  Drone  
  32  2:48  Hatchery  
  31  2:52  Drone x2  
  31  2:58  Overlord  
  33  3:04  Drone, Queen  
  36  3:18  Zergling x14  
  43  3:20  Zergling x2  
  44  3:33  Overlord  
  44  3:51  Queen x2  
  43  4:01  Drone x3  
  43  4:02  Drone  
  46  4:03  Drone x3  
  46  4:04  Drone x2  
  47  4:10  Queen  
  47  4:14  Drone x4  
  52  4:23  Overlord  
  52  4:24  Zergling x4  
  52  4:30  Evolution Chamber  
  52  4:31  Evolution Chamber  
  52  4:42  Zergling x8  
  52  4:43  Zergling x2  
  52  4:45  Queen x2  
  60  5:04  Drone x5  
  65  5:07  Zerg Melee Weapons Level 1, Zerg Ground Armor Level 1  
  65  5:09  Overlord x3  
  62  5:15  Queen  
  62  5:19  Spore Crawler  
  63  5:22  Baneling Nest  
  63  5:23  Zergling x4  
  64  5:36  Zergling x2  
  64  5:37  Zergling x14  
  72  5:53  Drone  
  72  5:54  Drone x5  
  78  6:17  Drone x6  
  78  6:18  Drone x3  
  84  6:20  Lair  
  84  6:23  Hatchery  
  83  6:28  Zergling x6  
  83  6:39  Zergling x4  
  79  6:40  Zergling x8  
  79  6:45  Extractor  
  79  6:46  Drone, Extractor  
  81  6:53  Overlord x2  
  81  6:54  Zergling x6  
  81  6:55  Zergling x6  
  87  7:06  Overlord  
  87  7:07  Overlord  
  87  7:17  Baneling  
  87  7:19  Centrifical Hooks  
  87  7:22  Drone x2  
  89  7:23  Drone  
  89  7:24  Zergling x18  
  89  7:25  Zergling x2  
  89  7:29  Drone  
  101  7:31  Extractor  
  101  7:33  Extractor x2  
  101  7:34  Drone x2  
  101  7:36  Drone  
  101  7:40  Drone  
  101  7:43  Drone  
  103  7:46  Hatchery  
  103  7:47  Drone x4  
  103  7:51  Drone x4, Queen  
  112  8:01  Overlord x4  
  112  8:02  Overlord  
  112  8:09  Zergling x2  
  112  8:10  Zergling x8, Spire  
  116  8:19  Overlord x2, Zergling x2  
  117  8:20  Zergling x8  
  121  8:27  Baneling x2  
  121  8:28  Baneling x10  
  121  8:29  Zergling x2  
  121  8:30  Zergling x2  
  121  8:33  Overseer  
  123  8:39  Zergling x12  
  126  8:50  Zergling x2  
  126  8:51  Zergling x18  
  136  8:57  Baneling x5  
  136  8:58  Baneling x4  
  119  9:13  Drone x6  
  119  9:14  Drone x5  
Tags
 
Add a new tag
Caveats
  • Supply blocks, unpowered buildings, or Contaminate may cause inaccurate times.
  • Supply counts are checked every 10 seconds.